 Dungeon Crawl Stone Soup version 0.26.0-10-g1f06aea511 (webtiles) character file.

Game seed: 1657285396799843727

135 Borgoz the Ducker (level 5, -1/45 HPs)
             Began as a Ghoul Gladiator on Jan 14, 2021.
             Slain by a worker ant (3 damage)
             ... on level 4 of the Dungeon.
             The game lasted 00:02:54 (2837 turns).

Borgoz the Ducker (Ghoul Gladiator)                 Turns: 2837, Time: 00:02:54

Health: -1/45      AC:  4    Str: 16 (18) XL:     5   Next: 18%
Magic:  4/4        EV: 12    Int:  1 (3)  God:
Gold:   132        SH:  0    Dex:  8 (11) Spells: 4/4 levels left

rFire    . . .     SeeInvis .   a - +0 long sword
rCold    + . .     Faith    .   (no shield)
rNeg     + + +     Spirit   .   b - +0 leather armour
rPois    ∞         Reflect  .   c - +0 helmet
rElec    .         Harm     .   (no cloak)
rCorr    .         Rampage  .   (no gloves)
Will     .....                  (no boots)
Stlth    +.........             (no amulet)
HPRegen  0.00/turn              o - +4 ring of slaying
MPRegen  0.09/turn              (no ring)

@: attractive
A: claws 1, cold resistance 1, negative energy resistance 3, inhibited
regeneration, torment resistance, unbreathing
a: no special abilities


You were on level 4 of the Dungeon.
You visited 1 branch of the dungeon, and saw 4 of its levels.

You collected 132 gold pieces.

Inventory:

Hand Weapons
 a - a +0 long sword (weapon)
Missiles
 d - a throwing net (quivered)
Armour
 b - a +0 leather armour (worn)
 c - a +0 helmet (worn)
Jewellery
 o - a +4 ring of slaying (left claw)
Wands
 s - a wand of digging (2)
Scrolls
 f - 4 scrolls of identify {unknown}
 g - 2 scrolls of magic mapping {unknown}
 h - 2 scrolls of blinking {unknown}
 i - 4 scrolls of remove curse {unknown}
 j - a scroll of fear {unknown}
 l - 2 scrolls of enchant armour {unknown}
 m - 2 scrolls of teleportation
 n - a scroll of amnesia {unknown}
 p - a scroll of fog {unknown}
Potions
 k - a potion of attraction
 q - a potion of lignification


   Skills:
 + Level 3.4 Fighting
 + Level 3.4 Long Blades
 - Level 1.7 Throwing
 + Level 1.8 Armour
 + Level 3.4 Dodging


You had 4 spell levels left.
You didn't know any spells.
Your spell library was empty.

Dungeon Overview and Level Annotations

Branches:
Dungeon (4/15)
 Temple: D:4-7

Altars:


Innate Abilities, Weirdness & Mutations

You thrive by killing the living.
You are immune to poison.
You have sharp fingernails.
Your flesh is cold resistant. (rC+)
You are immune to negative energy. (rN+++)
You do not regenerate when monsters are visible.
You are immune to unholy pain and torment.
You can survive without breathing.


Message History

You closely miss the worker ant.
The worker ant is heavily wounded.
The worker ant bites you but does no damage.
The worker ant bites you!
* * * LOW HITPOINT WARNING * * *
It was a potion of cancellation.
You feel magically purged. The worker ant misses you.
It was a potion of lignification.
You feel woody for a moment.
The worker ant bites you but does no damage.
It was a potion of attraction.
You feel attractive to monsters. The worker ant barely misses you.
You riposte.
You hit the worker ant.
The worker ant is severely wounded.
It was a potion of degeneration.
There was something very wrong with that liquid.
You feel weakened.
You feel dopey.
You feel clumsy. The worker ant bites you.
* * * LOW HITPOINT WARNING * * *
The worker ant bites you.
You die...

.................
...............#
...............#
..............##
...>......<....#
#Z........?...#
#####.........#
###########.........#
.......@BrsZ........#
.###########.......##
#......... #.########
#.# #.# .#


You could see a scorpion, a worker ant, a quokka and a centaur skeleton.

Vanquished Creatures
  5 adders
  An ooze (D:3)
  3 worms (D:2)
  2 dart slugs
  2 leopard geckos
  6 orcs (D:3)
  4 giant cockroaches
  5 goblins
  8 hobgoblins
  5 jackals
  2 quokkas
  8 bats
  2 frilled lizards (D:1)
  5 kobolds
  7 rats
65 creatures vanquished.

Notes
Turn   | Place    | Note
-------+----------+-------------------------------------------
     0 | D:1      | Borgoz the Ghoul Gladiator began the quest for the Orb.
     0 | D:1      | Reached XP level 1. HP: 17/17 MP: 0/0
   112 | D:1      | Reached XP level 2. HP: 12/25 MP: 1/1
   352 | D:1      | HP: 1/25 [hobgoblin/+0 club (2)]
   787 | D:1      | Reached XP level 3. HP: 30/30 MP: 2/2
   806 | D:1      | Reached skill level 1 in Armour
  1412 | D:2      | Reached XP level 4. HP: 27/38 MP: 3/3
  2427 | D:3      | Reached XP level 5. HP: 45/45 MP: 4/4
  2837 | D:4      | HP: 2/45 [worker ant (4)]
  2837 | D:4      | Slain by a worker ant

Illustrated notes

Levels and vault maps discovered:
D:1:      lightli_arrival_isolated_outpost, layout_basic,
          minmay_misc_feat_plants, nrook_mini_backslash, hangedman_decor_push
D:2:      layout_basic, minmay_tall_x
D:3:      layout_rooms
D:4:      minmay_thinvault, layout_rooms, lemuel_round_altar, uniq_duvessa,
          uniq_pikel

Skill      XL: |  1  2  3 |
---------------+----------+-----
Long Blades    | 3 |  3.4
Dodging        | 3 |  3.4
Armour         | 1 |  1.8
Fighting       | 3 |  3.4
Throwing       | |  1.7

Action                   |  1- 3 |  4- 6 || total
-------------------------+-------+-------++-------
Melee: Long sword        |   105 |    92 ||   197
Throw: Throwing net      |     2 |       ||     2
  Use: Scroll            |       |     1 ||     1
       Potion            |       |     4 ||     4
 Stab: Held in net/web   |     1 |       ||     1
       Sleeping          |       |     1 ||     1
Armor: Leather armour    |    55 |    20 ||    75
Dodge: Dodged            |   100 |    61 ||   161
       Rpst.: Long sword |    34 |    23 ||    57
